 Dungeon Crawl Stone Soup version 0.23-a0-516-g0f8c245 (webtiles) character file.

158 MisterFreud the Ruffian (level 5, -5/48 HPs)
             Began as a Troll Hunter on Dec 5, 2018.
             Slain by Crazy Yiuf
             ... wielding a +3 quarterstaff of chaos
              (6 damage)
             ... on level 2 of the Dungeon.
             The game lasted 00:02:22 (1226 turns).

MisterFreud the Ruffian (Troll Hunter)              Turns: 1226, Time: 00:02:23

Health: -5/48      AC:  5    Str: 21    XL:     5   Next: 16%
Magic:  4/4        EV: 10    Int:  7    God:
Gold:   137        SH:  0    Dex: 15    Spells: 4/4 levels left

rFire    . . .     SeeInvis .     - Unarmed
rCold    . . .     Gourm    +   (no shield)
rNeg     . . .     Faith    .   b - +0 robe
rPois    .         Spirit   .   (helmet restricted)
rElec    .         Reflect  .   (no cloak)
rCorr    .         Harm     .   (gloves unavailable)
MR       .....                  (boots unavailable)
Stlth    ++........             (no amulet)
HPRegen  0.56/turn              p - +5 ring of dexterity
MPRegen  0.09/turn              (no ring)

@: slowed, very slow
A: large, unfitting armour, claws 3, fast metabolism 3, gourmand, regeneration
1, shaggy fur 1, tough skin 2
a: no special abilities


You were on level 2 of the Dungeon.
You were completely stuffed.

You visited 1 branch of the dungeon, and saw 2 of its levels.

You collected 137 gold pieces.

Inventory:

Missiles
 c - 5 large rocks (quivered)
 d - 2 throwing nets
 e - 40 stones
 k - 3 tomahawks
Armour
 b - a +0 robe (worn)
Jewellery
 p - a +5 ring of dexterity (left claw)
Scrolls
 a - a scroll of immolation {unknown}
 h - 2 scrolls of remove curse {unknown}
 l - a scroll of magic mapping {unknown}
 m - a scroll of blinking {unknown}
 n - a scroll of teleportation {unknown}
 o - 3 scrolls of identify {unknown}
 q - a scroll of noise {unknown}
 t - a scroll of enchant armour {unknown}
Potions
 g - a potion of curing {unknown}
 i - 3 potions of degeneration {unknown}
 j - 2 potions of might {unknown}
 r - a potion of heal wounds {unknown}
Comestibles
 f - 5 rations
 s - a chunk of flesh


   Skills:
 - Level 1.5 Fighting
 - Level 3.6 Throwing
 - Level 1.5 Dodging
 - Level 0.3 Stealth
 + Level 4.9 Unarmed Combat


You had 4 spell levels left.
You didn't know any spells.
Your spell library contained the following spells:

 Spells                   Type           Power        Failure   Level  Hunger
 Confusing Touch          Hex            #.....       43%         1    ##.....
 Confuse                  Hex            #.......     80%         3    ####...
 Gell's Gravitas          Tloc           #.........   80%         3    ####...
 Petrify                  Tmut/Erth      #.......     99%         4    #####..
 Metabolic Englaciation   Hex/Ice        #.........   100%        5    ######.
 Yara's Violent Unravell  Hex/Tmut       #.........   100%        5    ######.


Dungeon Overview and Level Annotations

Branches:
Dungeon (2/15)

Altars:
Elyvilon

Annotations:
D:2 Crazy Yiuf


Innate Abilities, Weirdness & Mutations

You are too large for most types of armour.
You have claws for hands.
Your metabolism is lightning-fast.
You like to eat raw meat.
Your natural rate of healing is unusually fast.
You are covered in fur. (AC +1)
You have very tough skin. (AC +2)


Message History

As you open the door, it creaks loudly!
Crazy Yiuf the Enlightened comes into view.
He is wielding a +3 quarterstaff of
Found a mace.
There is an open door here.
You closely miss Crazy Yiuf.
Crazy Yiuf hits you with a +3 quarterstaff of chaos!
You feel yourself slow down.
You claw Crazy Yiuf!
Crazy Yiuf is heavily wounded.
Crazy Yiuf closely misses you.
You claw Crazy Yiuf!
Crazy Yiuf is almost dead.
Crazy Yiuf yells, "Powder!
Action action arga."
Crazy Yiuf hits you with a +3 quarterstaff of chaos!
You are electrocuted!
* * * LOW HITPOINT WARNING * * *
Crazy Yiuf hits you with a +3 quarterstaff of chaos!
* * * LOW HITPOINT WARNING * * *
Crazy Yiuf freezes you.
You die...

.# ##
#####
#..)#
#...#
#.g.#
...## #@#
...8 ♣♣.♣
...# ♣.♣♣
..8 ♣♣.♣
_## ♣.♣♣
### ♣♣.♣♣
.# ♣...♣♣
##########
♣....♣
.........#
#....#


You could see Crazy Yiuf.

Vanquished Creatures
  Terence (D:2)
  4 gnolls (D:2)
  4 adders (D:2)
  An ooze (D:2)
  A dart slug (D:1)
  A leopard gecko (D:1)
  3 bats
  A giant cockroach (D:1)
  6 goblins
  8 hobgoblins
  8 jackals
  2 quokkas (D:2)
  A ball python (D:2)
  4 frilled lizards
  2 kobolds (D:1)
  5 rats
52 creatures vanquished.

Notes
Turn   | Place    | Note
-------+----------+-------------------------------------------
     0 | D:1      | MisterFreud the Troll Hunter began the quest for the Orb.
     0 | D:1      | Reached XP level 1. HP: 19/19 MP: 0/0
    48 | D:1      | Reached skill level 1 in Unarmed Combat
   104 | D:1      | Reached XP level 2. HP: 27/27 MP: 1/1
   158 | D:1      | Reached skill level 2 in Unarmed Combat
   562 | D:2      | Reached XP level 3. HP: 33/33 MP: 2/2
   605 | D:2      | Reached skill level 3 in Unarmed Combat
   695 | D:2      | Reached XP level 4. HP: 37/41 MP: 3/3
   966 | D:2      | Noticed Terence
   981 | D:2      | Killed Terence
   981 | D:2      | Reached skill level 4 in Unarmed Combat
  1117 | D:2      | Reached XP level 5. HP: 30/48 MP: 4/4
  1190 | D:2      | Found a white marble altar of Elyvilon.
  1218 | D:2      | Found a runed door.
  1222 | D:2      | Noticed Crazy Yiuf
  1226 | D:2      | HP: 1/48 [Crazy Yiuf/+3 quarterstaff of chaos (12)]
  1226 | D:2      | Slain by Crazy Yiuf

Vault maps used:
D:1:      psy_arrival_basics
D:2:      nicolae_overflow_hidden_temple, uniq_crazy_yiuf_cottage, uniq_terence,
          uniq_sigmund

Skill      XL: |  1  2  3  4 |
---------------+-------------+-----
Unarmed Combat | 1 2 3 4 |  4.9
Fighting       | |  1.5
Throwing       | |  3.6
Dodging        | |  1.5
Stealth        | |  0.3

Action                   |  1- 3 |  4- 6 || total
-------------------------+-------+-------++-------
Melee: Unarmed           |    97 |    69 ||   166
       Punch             |       |     1 ||     1
  Eat: Chunk             |    11 |     6 ||    17
Armor: Robe              |    38 |    15 ||    53
Dodge: Dodged            |    35 |    36 ||    71

Table legend:
 A = Non-vault XP
 B = Vault XP
 C = Vault XP percentage of total XP
 D = Non-vault monster count
 E = Vault monster count
 F = Vault count percentage of total count
                 A         B        C        D         E       F
            +---------+---------+-------+---------+---------+-------
      Total |     191 |      36 |  15.9 |      51 |       1 |   1.9
            +---------+---------+-------+---------+---------+-------
        D:1 |      40 |       0 |   0.0 |      21 |       0 |   0.0
        D:2 |     151 |      36 |  19.3 |      30 |       1 |   3.2
            +---------+---------+-------+---------+---------+-------
